 Dungeon Crawl Stone Soup version 0.26-a0-784-g51bffae0b1 (webtiles) character file.

Game seed: 13238484663392717063

3898 Pepi the Vexing (level 10, -1/76 HPs)
             Began as a Gnoll Arcane Marksman on Nov 9, 2020.
             Was an Initiate of Okawaru.
             Succumbed to a killer bee's poison
             ... on level 7 of the Dungeon on Nov 10, 2020.
             The game lasted 01:35:23 (12380 turns).

Pepi the Vexing (Gnoll Arcane Marksman)            Turns: 12380, Time: 01:35:24

Health: -1/76      AC: 15    Str: 15    XL:     10   Next: 20%
Magic:  18/18      EV: 15    Int: 15    God:    Okawaru [......]
Gold:   449        SH:  0    Dex: 17    Spells: 14/20 levels left

rFire    . . .     SeeInvis .   a - +3 trident (protect)
rCold    . . .     Faith    .   (no shield)
rNeg     + . .     Spirit   .   c - +0 ring mail
rPois    .         Reflect  .   o - +0 helmet
rElec    .         Harm     .   (no cloak)
rCorr    .         Rampage  .   e - +0 pair of gloves
MR       +....                  (no boots)
Stlth    ++........             (no amulet)
HPRegen  0.22/turn              s - ring of protection from magic
MPRegen  0.16/turn              w - ring of positive energy

@: lethally poisoned (-1 -> -15), protection aura, studying Polearms
A: distributed training, fangs 1, strong nose
a: Renounce Religion


You were on level 7 of the Dungeon.
You worshipped Okawaru.
Okawaru was noncommittal.
You visited 2 branches of the dungeon, and saw 9 of its levels.

You collected 569 gold pieces.
You spent 120 gold pieces at shops.

Inventory:

Hand Weapons
 a - a +3 trident of protection (weapon)
 b - a +2 shortbow of flaming
 v - a +0 hand crossbow
 C - a +3 war axe
Missiles
 t - 111 bolts
 u - 57 arrows
Armour
 c - a +0 ring mail (worn)
 e - a +0 pair of gloves (worn)
 k - a +0 buckler
 n - a +1 leather armour of fire resistance
 o - a +0 helmet (worn)
 q - a +1 kite shield
 z - a +0 plate armour
Magical Staves
 f - an uncursed staff of fire
Jewellery
 s - a ring of protection from magic (left hand)
 w - a ring of positive energy (right hand)
 x - an uncursed ring of resist corrosion
 y - an uncursed ring of see invisible
 A - an uncursed amulet of regeneration {unknown}
Wands
 l - a wand of digging (5)
Scrolls
 d - 5 scrolls of identify
 g - a scroll of immolation {unknown}
 h - a scroll of amnesia
 i - a scroll of blinking {unknown}
 j - 6 scrolls of remove curse
 m - 4 scrolls of teleportation
 p - a scroll of enchant armour
Potions
 r - 2 potions of brilliance
Books
 B - a manual of Polearms


   Skills:
 + Level 5.7 Fighting
 + Level 5.0 Short Blades
 + Level 5.0 Long Blades
 + Level 5.0 Axes
 + Level 5.0 Maces & Flails
 + Level 5.1 Polearms
 + Level 5.0 Staves
 + Level 5.0 Slings
 + Level 5.0 Bows
 + Level 6.9 Crossbows
 + Level 5.0 Throwing
 + Level 5.0 Armour
 + Level 6.9 Dodging
 + Level 5.0 Stealth
 + Level 5.0 Shields
 + Level 5.0 Unarmed Combat
 + Level 5.8 Spellcasting
 + Level 4.1 Conjurations
 + Level 7.0 Hexes
 + Level 4.1 Summonings
 + Level 4.1 Necromancy
 + Level 4.1 Translocations
 + Level 4.1 Transmutations
 + Level 4.1 Fire Magic
 + Level 4.1 Ice Magic
 + Level 4.1 Air Magic
 + Level 4.1 Earth Magic
 + Level 4.1 Poison Magic
 + Level 5.5 Invocations
 + Level 5.0 Evocations


You had 14 spell levels left.
You knew the following spells:

 Your Spells              Type           Power        Failure   Level
a - Corona                Hex            ####...      1%          1
b - Slow                  Hex            ####....     2%          2
c - Inner Flame           Hex/Fire       ###.....     9%          3

Your spell library contained the following spells:

 Spells                   Type           Power        Failure   Level
 Portal Projectile        Hex/Tloc       ###...       9%          3
 Cause Fear               Hex            ####......   16%         4
 Leda's Liquefaction      Hex/Erth       ###.......   28%         4


Dungeon Overview and Level Annotations

Branches:
Dungeon (8/15)             Temple (1/1) D:7
   Lair: D:8-11

Altars:
Ashenzari
Cheibriados
Dithmenos
Fedhas
Gozag
Kikubaaqudgha
Makhleb
Nemelex Xobeh
Okawaru
Ru
Sif Muna
Trog
Uskayaw
Vehumet
Wu Jian
Xom
Yredelemnul
Zin
The Shining One

Shops:
D:5 *

Annotations:
D:7 2 transporters, RamboRex's ghost, novice MiBe
D:8 1 runed translucent door


Innate Abilities, Weirdness & Mutations

Your experience applies equally to all skills.
You have very sharp teeth.
Your uncanny sense of smell can sniff out nearby items.


Message History

The killer bee poisons you! The killer bee misses you.
You hit the killer bee but do no damage.
The killer bee is severely wounded.
* * * LOW HITPOINT WARNING * * *
You feel sick.
The killer bee stings you but does no damage. x2
Unknown command.
You puncture the killer bee!
You kill the killer bee!
Okawaru accepts your kill.
Your Hexes skill increases to level 7!
* * * LOW HITPOINT WARNING * * *
You feel sick.
* * * LOW HITPOINT WARNING * * *
You feel sick.
You see here a killer bee corpse.
* * * LOW HITPOINT WARNING * * *
You feel sick.
The bullfrog snags a nearby blue-tailed skink with its tongue.
You die...

#.##.## ###.### #.# #.##..#####.#
#.# ............## #.#
####.©.####..# #.# # #####..##.##
#.# # #..$FyS...#..### #.### ##
..###=W.##(##...# #.).## ##. #
...#.....#.#.########.>.####.. ..
..©..##.F#...@†............'..
.##..#.y....#...########...####..
.).#. .#...##..## #####..######.
... ...©#..## #.........# ##
#F### #####..# #.###.###.# #
###©####......# #.# #.# #.#
.........####.# #.###.###.#
#.#.###### #.# #.#.....#.####
#...# #.# #.#.#.........


You could see a bullfrog.

Vanquished Creatures
  A shadow (D:8)
  A water moccasin (D:8)
  2 ice beasts
  3 orc warriors
  A phantom (D:7)
  3 ogres
  A wolf (D:5)
  3 centaurs
  A big kobold (D:8)
  4 gnoll sergeants
  A water moccasin skeleton (D:6)
  3 scorpions (D:6)
  14 killer bees
  A howler monkey (D:6)
  A bullfrog zombie (D:8)
  8 hounds
  8 orc wizards
  6 orc priests
  2 gnoll shamans (D:5)
  An iguana (D:8)
  4 worker ants
  A howler monkey zombie (D:6)
  A howler monkey skeleton (D:8)
  26 gnolls
  8 adders
  A white imp (D:7)
  2 adder zombies (D:5)
  3 adder skeletons
  A worm (D:5)
  A dart slug (D:1)
  7 leopard geckos
  26 orcs
  5 giant cockroaches
  7 goblins
  7 hobgoblins
  21 jackals
  21 kobolds
  2 bats (D:3)
  4 frilled lizards
  A quokka skeleton (D:5)
  A quokka zombie (D:6)
  4 rats
  A spectral orc (D:8)
220 creatures vanquished.

Notes
Turn   | Place    | Note
-------+----------+-------------------------------------------
     0 | D:1      | Pepi the Gnoll Arcane Marksman began the quest for the Orb.
     0 | D:1      | Reached XP level 1. HP: 17/17 MP: 4/4
   188 | D:1      | Reached XP level 2. HP: 23/23 MP: 5/5
   197 | D:1      | Learned a level 2 spell: Slow
   703 | D:1      | Reached XP level 3. HP: 28/28 MP: 7/7
  1193 | D:2      | Reached skill level 1 in Invocations
  1576 | D:2      | Reached skill level 1 in Short Blades
  1576 | D:2      | Reached skill level 1 in Long Blades
  1576 | D:2      | Reached skill level 1 in Axes
  1576 | D:2      | Reached skill level 1 in Maces & Flails
  1576 | D:2      | Reached skill level 1 in Polearms
  1576 | D:2      | Reached skill level 1 in Staves
  1576 | D:2      | Reached skill level 1 in Slings
  1576 | D:2      | Reached skill level 1 in Bows
  1576 | D:2      | Reached skill level 1 in Throwing
  1576 | D:2      | Reached skill level 1 in Armour
  1576 | D:2      | Reached skill level 1 in Stealth
  1576 | D:2      | Reached skill level 1 in Shields
  1576 | D:2      | Reached skill level 1 in Unarmed Combat
  1576 | D:2      | Reached skill level 1 in Evocations
  1637 | D:2      | Reached XP level 4. HP: 31/34 MP: 5/8
  1715 | D:2      | Reached skill level 1 in Conjurations
  1715 | D:2      | Reached skill level 1 in Summonings
  1715 | D:2      | Reached skill level 1 in Necromancy
  1715 | D:2      | Reached skill level 1 in Translocations
  1715 | D:2      | Reached skill level 1 in Transmutations
  1715 | D:2      | Reached skill level 1 in Fire Magic
  1715 | D:2      | Reached skill level 1 in Ice Magic
  1715 | D:2      | Reached skill level 1 in Air Magic
  1715 | D:2      | Reached skill level 1 in Earth Magic
  1715 | D:2      | Reached skill level 1 in Poison Magic
  2596 | D:3      | Noticed a black bear
  2709 | D:3      | Reached XP level 5. HP: 17/40 MP: 3/9
  3654 | D:4      | Found a shimmering altar of Xom.
  3678 | D:4      | Learned a level 3 spell: Inner Flame
  3936 | D:4      | Reached XP level 6. HP: 29/47 MP: 9/11
  4182 | D:4      | Reached skill level 5 in Crossbows
  4182 | D:4      | Reached skill level 5 in Dodging
  4471 | D:4      | Found an ornate altar of the Wu Jian Council.
  4539 | D:5      | Entered Level 5 of the Dungeon
  4802 | D:5      | Reached XP level 7. HP: 52/52 MP: 12/12
  5139 | D:5      | Found an opulent altar of Gozag.
  5196 | D:5      | Found Ofripani's Assorted Antiques.
  5224 | D:5      | Bought a tubular ivory ring for 120 gold pieces
  5375 | D:5      | Reached skill level 6 in Hexes
  5419 | D:5      | Reached XP level 8. HP: 10/60 MP: 14/14
  6234 | D:5      | Found an ornate altar of the Wu Jian Council.
  7525 | D:6      | Found a burning altar of Makhleb.
  8055 | D:6      | Reached XP level 9. HP: 36/66 MP: 16/16
  8362 | D:6      | Reached skill level 5 in Spellcasting
  8725 | D:6      | Reached skill level 5 in Fighting
  9237 | D:7      | Found a staircase to the Ecumenical Temple.
  9743 | D:7      | Reached skill level 5 in Invocations
  9760 | D:7      | Noticed a moth of wrath
  9767 | D:7      | Found a transporter.
  9771 | D:7      | Found a transporter.
  9829 | D:7      | Noticed a hornet
 10114 | Temple   | Entered the Ecumenical Temple
 10254 | Temple   | Became a worshipper of Warmaster Okawaru
 10381 | D:7      | Found an opulent altar of Gozag.
 10533 | D:7      | Noticed RamboRex's ghost (novice MiBe)
 10791 | D:8      | Found a basalt altar of Yredelemnul.
 10857 | D:8      | Found a runed translucent door.
 10860 | D:8      | Noticed a green ugly thing
 10860 | D:8      | Noticed a tengu warrior
 10860 | D:8      | Noticed a cyclops
 10866 | D:8      | Found a sparkling altar of Nemelex Xobeh.
 10876 | D:8      | Noticed a centaur warrior
 10885 | D:8      | Reached XP level 10. HP: 65/74 MP: 18/18
 11311 | D:7      | HP: 1/74 [orc warrior/+0 morningstar (10)]
 12169 | D:8      | Reached skill level 5 in Short Blades
 12169 | D:8      | Reached skill level 5 in Long Blades
 12169 | D:8      | Reached skill level 5 in Axes
 12169 | D:8      | Reached skill level 5 in Maces & Flails
 12169 | D:8      | Reached skill level 5 in Polearms
 12169 | D:8      | Reached skill level 5 in Staves
 12169 | D:8      | Reached skill level 5 in Slings
 12169 | D:8      | Reached skill level 5 in Bows
 12169 | D:8      | Reached skill level 5 in Throwing
 12169 | D:8      | Reached skill level 5 in Armour
 12169 | D:8      | Reached skill level 5 in Stealth
 12169 | D:8      | Reached skill level 5 in Shields
 12169 | D:8      | Reached skill level 5 in Unarmed Combat
 12169 | D:8      | Reached skill level 5 in Evocations
 12377 | D:7      | Reached skill level 7 in Hexes
 12377 | D:7      | HP: 3/76 [poisoned by a killer bee]
 12379 | D:7      | HP: 1/76 [poisoned by a killer bee]
 12380 | D:7      | Succumbed to a killer bee's poison

Illustrated notes

Levels and vault maps discovered:
D:1:      lemuel_arrival_tunnels, layout_loops_ring
D:2:      layout_loops_corners
D:3:      layout_basic, chequers_serial_rivers_large_a,
          wander_ebering_terrifying_dragon_lair
D:4:      layout_cave_pools, lemuel_crystal_altar, lemuel_crystal_altar,
          chequers_serial_rivers_micro_a
D:5:      layout_cave_pools, nicolae_gozag_cash_rules_everything_around_me,
          basic_altar, serial_gnoll_camp, gnoll_camp_mini_doghouse,
          gnoll_camp_mini_house, gnoll_camp_mini_shop, gnoll_camp_mini_hut,
          gnoll_camp_medium_02, gnoll_camp_huts_basic,
          kennysheep_cross_bottleneck
D:6:      layout_loops_ring, lemuel_crystal_altar
D:7:      layout_loops_corners, minmay_temple_entry_drinking_statues,
          gammafunk_ghost_berserking_beasts, lemuel_statue_altar
D:8:      minmay_the_grid_four_pointed_star
          [minmay_the_grid_triangle_9x9_semitri,
          minmay_the_grid_triangle_9x9_swiss_cheese,
          minmay_the_grid_triangle_9x9_steps,
          minmay_the_grid_triangle_9x9_fully_insulated_deathbox,
          minmay_the_grid_prize_shrinking_boxes], layout_cave_pools,
          elyvilon_altar_1, yredelemnul_forgotten_temple_becter,
          nemelex_xobeh_ov_fountains_minmay, minmay_manual_monolith
Temple:   dshaligram_water_room_temple

Skill      XL: |  1  2  3  4  5  6  7  8  9 10 |
---------------+-------------------------------+-----
Invocations    | 1 2 3 4 5 |  5.5
Short Blades   | 1 2 3 4 5 |  5.0
Long Blades    | 1 2 3 4 5 |  5.0
Axes           | 1 2 3 4 5 |  5.0
Maces & Flails | 1 2 3 4 5 |  5.0
Polearms       | 1 2 3 4 5 |  5.1
Staves         | 1 2 3 4 5 |  5.0
Slings         | 1 2 3 4 5 |  5.0
Bows           | 1 2 3 4 5 |  5.0
Throwing       | 1 2 3 4 5 |  5.0
Armour         | 1 2 3 4 5 |  5.0
Stealth        | 1 2 3 4 5 |  5.0
Shields        | 1 2 3 4 5 |  5.0
Unarmed Combat | 1 2 3 4 5 |  5.0
Evocations     | 1 2 3 4 5 |  5.0
Spellcasting   | 3 4 5 |  5.8
Conjurations   | 1 2 3 4 |  4.1
Summonings     | 1 2 3 4 |  4.1
Necromancy     | 1 2 3 4 |  4.1
Translocations | 1 2 3 4 |  4.1
Transmutations | 1 2 3 4 |  4.1
Fire Magic     | 1 2 3 4 |  4.1
Ice Magic      | 1 2 3 4 |  4.1
Air Magic      | 1 2 3 4 |  4.1
Earth Magic    | 1 2 3 4 |  4.1
Poison Magic   | 1 2 3 4 |  4.1
Fighting       | 3 4 5 |  5.7
Crossbows      | 5 6 |  6.9
Dodging        | 5 6 |  6.9
Hexes          | 6 7 |  7.0

Action                   |  1- 3 |  4- 6 |  7- 9 | 10-12 || total
-------------------------+-------+-------+-------+-------++-------
Melee: Whip              |    18 |       |       |       ||    18
       Short sword       |    19 |    31 |   128 |       ||   178
       Bite              |     4 |    17 |    56 |    14 ||    91
       Spear             |       |    69 |       |       ||    69
       Dagger            |       |    23 |       |       ||    23
       Trident           |       |       |   250 |    85 ||   335
       Punch             |       |       |     1 |     6 ||     7
 Fire: Hand crossbow     |    61 |    94 |    75 |       ||   230
       Shortbow          |       |       |   175 |    39 ||   214
 Cast: Corona            |     1 |     1 |       |       ||     2
       Slow              |     3 |    14 |     8 |       ||    25
       Inner Flame       |       |       |     5 |       ||     5
  Use: Potion            |     3 |    11 |     8 |     1 ||    23
       Scroll            |     2 |     3 |     2 |       ||     7
 Stab: Invisible         |       |       |     2 |       ||     2
Armor: Ring mail         |     7 |    33 |   150 |    36 ||   226
       Leather armour    |       |     2 |     3 |       ||     5
Dodge: Dodged            |    37 |    83 |   405 |    91 ||   616
Block: Kite shield       |       |     9 |       |       ||     9
       Buckler           |       |     7 |    12 |       ||    19

Table legend: (Time is in decaauts)
 A = Elapsed time spent in this place.
 B = Non-inter-level travel time spent in this place.
 C = Inter-level travel time spent in this place.
 D = Time resting spent in this place.
 E = Time spent auto-exploring this place.
 F = Levels seen in this place.
 G = Mean time per level.
                   A        B        C        D        E       F      G
               +--------+--------+--------+--------+--------+-----+--------+
         Total |  12406 |  12068 |    338 |   2842 |   6916 |   9 | 1378.4 |
       Dungeon |  12249 |  11962 |    287 |   2842 |   6812 |   8 | 1531.1 |
        Temple |    156 |    105 |     51 |      0 |    104 |   1 |  156.0 |
               +--------+--------+--------+--------+--------+-----+--------+

Top non-repeatable levels by time:
     D:5: 2354 daAuts
     D:7: 2174 daAuts
     D:6: 1597 daAuts
     D:3: 1561 daAuts
     D:4: 1397 daAuts
     D:2: 1123 daAuts
     D:1: 1058 daAuts
     D:8: 982 daAuts
  Temple: 156 daAuts
